 Dungeon Sprint DCSS version 0.02-122-g12e50fee3c (webtiles) character file.

Game seed: 15948666232146909829, levelgen mode: deterministic

1299 lorenzova the Eclecticist (level 8, -8/41 HPs) Deep Elf Fire Elementalist. Began on Oct 6, 2020. Was a Believer of Vehumet. Mangled by Snorg (26 damage) ... in the Dungeon (Sprint III: "The Ten Rune Challenge"). The game lasted 00:04:42 (930 turns).

lorenzova the Eclecticist (DEFE)                     Turns: 930, Time: 00:04:43

Health: -8/41      AC:  4    Str:  5    XL:     8 ^: 941
Magic:  13/32      EV: 13    Int: 23    God:    Vehumet [2* [66]]
Gold:   40         SH:  0    Dex: 15    Spells: 24/39 levels left

rFire    . . .     Vision   .   b - +0 dagger
rCold    . . .     Gourm    .   p - +0 dagger (elec)
rNeg     . . .     Faith    .   a - +0 robe
rPois    .         Spirit   .   (no helmet)
rElec    .         Reflect  .   o - scarf {repulsion}
rCorr    .         Harm     .   (no gloves)
MR       .....     NoTele   +   (no boots)
Stlth    ++........             (no amulet)
HPRegen  0.23/turn              (no ring)
MPRegen  0.42/turn              (no ring)

@: very slightly contaminated, repel missiles
A: high mp 1, mutation resistance 1, shaggy fur 2
a: Renounce Religion


You were in the Dungeon.
You worshipped Vehumet.
Vehumet was pleased with you.
You were very hungry.

You visited 1 branch You collected 40 gold pieces.

Inventory:

Weapons
 b - a +0 dagger (weapon)
 p - a +0 dagger of electrocution (weapon)
Armour
 a - a +0 robe (worn)
 o - a scarf of repulsion (worn)
Scrolls
 j - a scroll of enchantment
 k - a scroll of bless item
Potions
 d - 2 potions of curing
 e - 2 potions of heal wounds
 f - a potion of haste
 g - 2 potions of magic
 h - 2 potions of berserk rage
 l - a potion of cancellation
 m - 4 potions of mutation
 n - a potion of might
Miscellaneous
 q - a fan of gales
Comestibles
 c - 4 rations


   Skills:
 - Level 2.4 Dodging
 - Level 2.4 Stealth
 + Level 16.1 Spellcasting
 + Level 14.0 Fire Magic


You had 24 spell levels left.
You knew the following spells:

 Your Spells              Type           Power        Failure   Level  Hunger
a - Foxfire               Fire           25 (25)      0%          1    None
b - Searing Ray           Fire           50 (50)      0%          2    None
c - Conjure Flame         Fire           70 (100)     1%          3    None
d - Sticky Flame          Fire/Pois      50 (100)     1%          4    None
f - Fireball              Fire           70 (200)     1%          5    ##.....

Your spell library contained the following spells:

 Spells                   Type           Power        Failure   Level  Hunger
 Flame Tongue             Fire           40 (40)      0%          1    None
 Inner Flame              Hex/Fire       50 (100)     1%          3    None
 Confusing Touch          Hex            18 (50)      3%          1    None
 Shock                    Air            18 (25)      3%          1    None
 Throw Frost              Ice            18 (50)      4%          2    None
 Confuse                  Hex            18 (100)     9%          3    None
 Gell's Gravitas          Tloc           18 (200)     9%          3    None
 Petrify                  Tmut/Erth      18 (100)     30%         4    None
 Yara's Violent Unravell  Hex/Tmut       18 (200)     63%         5    ##.....


Dungeon Overview and Level Annotations

Branches:
Dungeon (1/1)

Altars:
Cheibriados
Dithmenos
Elyvilon
Fedhas Madash
Gozag Ym Sagoz
Hepliaklqana
Kikubaaqudgha
Makhleb
Nemelex Xobeh
Okawaru
Qazlal
Ru
Sif Muna
Trog
Uskayaw
Vehumet
Wu Jian
Xom
Yredelemnul
Zin
The Shining One
Beogh
Jiyva
Lugonu

Annotations:
D Snorg


Innate Abilities, Weirdness & Mutations

You have an increased reservoir of magic. (+10% MP)
You are somewhat resistant to further mutation.
You are covered in thick fur. (AC +2)


Message History

Confirm with . or Enter, or press ? or * to list all spells.
Aiming: Fireball (safe; 1% risk of failure)
Press: ? - help, Shift-Dir - straight line The fireball explodes!
The fireball engulfs Snorg (23)!!
Snorg is heavily wounded. (71/147) HP
Casting: Fireball (safe; 1% risk of failure)
Confirm with . or Enter, or press ? or * to list all spells.
You don't know that spell.
You see here a necrophage skeleton.
Casting: Fireball (safe; 1% risk of failure)
Confirm with . or Enter, or press ? or * to list all spells.
Aiming: Fireball (safe; 1% risk of failure)
Press: ? - help, Shift-Dir - straight line, f - Snorg
Aim: Snorg (heavily wounded (74/147), berserk, fast, unusually strong)
The fireball explodes!
The fireball engulfs Snorg (26)!!
Snorg is severely wounded. (48/147) HP You are feeling very hungry.
Snorg is engulfed in blazing flames.
Snorg bites you (26)!!
Ouch! That really hurt!
You die...

▓▓▓ ******* ## ##.############
*,*,,,******
.#####..#___#___#__#**,*,,*,,,+,*
[.#??#..#.).#__†#._#,,,,,,,,,**,*
..#..#..###.#.###)##,,,,,,,,,,*,*
†.##'#..#.......@..#,,,,,,,,,**,*
..###...'.⌠......T.#,∩**,,*,,**,+
.####...#...######☼#,*,**,**,****
.###....#.⌠.#__#...#+#####*******
.##.....#...#__#...#..§≈≈+,*,+,,,
.#÷.....#'###__#...#.#§≈§#,*,*,,,
#.#.....#.).#__#.....#T§.#,*,*,,,
####....#___#__'...#.#§..#,,,*,,,
***▓▓▓▓▓▓▓▓▓▓▓▓▓▓▓▓▓▓▓▓▓▓▓*******


You could see Snorg (berserk).

Vanquished Creatures
  A deep elf mage (D)
  A shadow (D)
  A spatial vortex (D)
  A necrophage (D)
  A water elemental (D)
  A jelly (D)
  A wizard (D)
  Jessica (D)
  A necromancer (D)
  3 humans (D)
  A kobold demonologist (D)
  A wolf (D)
  2 oozes (D)
  A rat (D)
17 creatures vanquished.

Vanquished Creatures (others)
  2 draconian scorchers (D)
  6 hellions (D)
  A yaktaur (D)
  23 foxfires (D)
  A plant (D)
33 creatures vanquished.

Grand Total: 50 creatures vanquished

Notes
Turn   | Place    | Note
-------+----------+-------------------------------------------
     0 | D        | lorenzova the Deep Elf Fire Elementalist began the quest
                  | for the Orb.
     0 | D        | Reached XP level 1. HP: 10/10 MP: 6/6
    15 | D        | Reached skill level 4 in Spellcasting
    38 | D        | Reached XP level 2. HP: 15/15 MP: 5/9
    71 | D        | Noticed Jessica
    75 | D        | Killed Jessica
    75 | D        | Reached skill level 6 in Spellcasting
    75 | D        | Reached skill level 5 in Fire Magic
    75 | D        | Reached XP level 3. HP: 19/19 MP: 8/13
    97 | D        | Learned a level 2 spell: Searing Ray
   101 | D        | Learned a level 3 spell: Conjure Flame
   103 | D        | Killed a yaktaur
   137 | D        | Killed a hellion
   137 | D        | Killed a hellion
   137 | D        | Killed a hellion
   138 | D        | Killed a hellion
   147 | D        | Reached skill level 7 in Spellcasting
   157 | D        | Killed a white draconian scorcher
   168 | D        | Killed a white draconian scorcher
   187 | D        | Killed a hellion
   202 | D        | Reached XP level 4. HP: 3/24 MP: 10/15
   229 | D        | Killed a hellion
   320 | D        | Learned a level 4 spell: Sticky Flame
   346 | D        | Gained mutation: You are covered in fur. (AC +1) [potion of
                  | mutation]
   346 | D        | Gained mutation: You tend to lose your temper in combat.
                  | [potion of mutation]
   346 | D        | Gained mutation: You have an increased reservoir of magic.
                  | (+10% MP) [potion of mutation]
   347 | D        | Lost mutation: You tend to lose your temper in combat.
                  | [potion of mutation]
   347 | D        | Gained mutation: You are covered in thick fur. (AC +2)
                  | [potion of mutation]
   347 | D        | Gained mutation: You are somewhat resistant to further
                  | mutation. [potion of mutation]
   359 | D        | Reached skill level 9 in Spellcasting
   447 | D        | Found a radiant altar of Vehumet.
   447 | D        | Found a shimmering blue altar of Sif Muna.
   447 | D        | Found an ancient bone altar of Kikubaaqudgha.
   452 | D        | Reached XP level 5. HP: 28/28 MP: 11/20
   455 | D        | Reached skill level 10 in Spellcasting
   552 | D        | Learned a level 5 spell: Fireball
   554 | D        | Became a worshipper of Vehumet
   562 | D        | Found a glowing silver altar of Zin.
   562 | D        | Found a glowing golden altar of the Shining One.
   562 | D        | Found a white marble altar of Elyvilon.
   564 | D        | Noticed a deep elf mage
   567 | D        | Killed a deep elf mage
   567 | D        | Reached skill level 13 in Spellcasting
   567 | D        | Reached XP level 6. HP: 32/32 MP: 4/27
   567 | D        | Reached XP level 7. HP: 36/36 MP: 4/28
   634 | D        | Found a hide-covered altar of Uskayaw.
   634 | D        | Found a roughly hewn altar of Beogh.
   634 | D        | Found an iron altar of Okawaru.
   634 | D        | Found a bloodstained altar of Trog.
   634 | D        | Found an ornate altar of the Wu Jian Council.
   634 | D        | Noticed a human
   637 | D        | Killed a human
   637 | D        | Reached skill level 14 in Spellcasting
   637 | D        | Reached * piety under Vehumet
   637 | D        | Offered knowledge of Shock by Vehumet.
   637 | D        | Reached skill level 15 in Spellcasting
   694 | D        | Found a basalt altar of Yredelemnul.
   694 | D        | Found a shadowy altar of Dithmenos.
   694 | D        | Found a sacrificial altar of Ru.
   697 | D        | Reached XP level 8. HP: 41/41 MP: 26/32
   727 | D        | Offered knowledge of Flame Tongue by Vehumet.
   727 | D        | Reached ** piety under Vehumet
   811 | D        | Found a blossoming altar of Fedhas.
   811 | D        | Found a stormy altar of Qazlal.
   811 | D        | Found a snail-covered altar of Cheibriados.
   811 | D        | Found a burning altar of Makhleb.
   811 | D        | Found a shimmering altar of Xom.
   848 | D        | Offered knowledge of Throw Frost by Vehumet.
   848 | D        | Reached skill level 16 in Spellcasting
   890 | D        | Found a hazy altar of Hepliaklqana.
   890 | D        | Found an opulent altar of Gozag.
   890 | D        | Found a sparkling altar of Nemelex Xobeh.
   890 | D        | Found a corrupted altar of Lugonu.
   890 | D        | Found a viscous altar of Jiyva.
   920 | D        | Noticed Snorg
   930 | D        | Mangled by Snorg

Levels and vault maps discovered:
D:        dungeon_sprint_mu [sprint_mu_entry_cave, sprint_mu_temple_rooms,
          sprint_mu_d1_horrors, sprint_mu_d2_genie, sprint_mu_d3_branching,
          sprint_mu_orc_legion, sprint_mu_elf_gauntlet, sprint_mu_hive_nellie,
          sprint_mu_lair_fedhas, sprint_mu_vaults_butterflies,
          sprint_mu_slime_circle, sprint_mu_swamp_cave, sprint_mu_shoals_archi,
          sprint_mu_blade_basic, sprint_mu_crypt_fortress,
          sprint_mu_tomb_spiral, sprint_mu_vestibule_basic,
          sprint_mu_gehenna_hellfire, sprint_mu_dis_giant,
          sprint_mu_tartarus_statrot, sprint_mu_cocytus_islands, sprint_mu_zot1]

Skill      XL: |  1  2  3  4  5  6  7  8 |
---------------+-------------------------+-----
Spellcasting   | 4 6 7 9 13 15 16 | 16.1
Fire Magic     | 4 5 6 8 12 13 14 | 14.0
Dodging        | |  2.4
Stealth        | |  2.4

Action                   |  1- 3 |  4- 6 |  7- 9 || total
-------------------------+-------+-------+-------++-------
Melee: Dagger            |       |     1 |       ||     1
       Unarmed           |       |     1 |       ||     1
 Cast: Foxfire           |    11 |       |     2 ||    13
       Searing Ray       |     3 |     3 |       ||     6
       Conjure Flame     |     1 |     3 |     7 ||    11
       Sticky Flame      |       |     1 |     1 ||     2
       Fireball          |       |     2 |    15 ||    17
  Use: Scroll            |     1 |       |     1 ||     2
       Potion            |       |     2 |       ||     2
Dodge: Dodged            |     4 |       |     1 ||     5
